Map: Ever Dream LE

Players

Astrea - Winner!

  • Race: Protoss Protoss
  • Spawn Location: 1:00

Scarlett

  • Race: Zerg Zerg
  • Spawn Location: 7:00

Event: DreamHack SC2 Masters 2020 Summer North America

VOD

Have the link to the VOD?

Description

Time

  • Played on: July 11, 2020, 3:14 p.m.
  • Length: 13:24

All games in this series

Show
View Real Time Build Order
Export as new Build Order

Astrea Protoss - Winner!

Build Orders: 1 Gate Expand, Mass Adepts 

Get SALT Encoding   

  12  0:00  Probe  
  13  0:12  Probe  
  14  0:18  Pylon  
  14  0:24  Probe  
  14  0:27  Assimilator  
  15  0:34  Probe  
  15  0:42  Probe  
  16  0:43  Gateway  
  17  0:51  Probe  
  18  1:03  Probe  
  19  1:15  Probe  
  20  1:22  Nexus  
  20  1:31  Cybernetics Core  
  20  1:34  Probe  
  20  1:39  Assimilator  
  21  1:46  Probe  
  22  1:50  Pylon  
  22  1:55  Probe  
  22  1:58  Adept  
  23  2:04  Probe  
  23  2:09  Warp Gate  
  23  2:14  Probe  
  26  2:19  Twilight Council  
  26  2:22  Stalker  
  27  2:26  Probe  
  28  2:33  Probe  
  31  2:38  Probe  
  31  2:43  Robotics Facility  
  32  2:46  Probe  
  32  2:50  Probe  
  34  2:55  Resonating Glaives  
  34  2:58  Gateway  
  34  3:02  Gateway  
  34  3:06  Probe x2  
  36  3:20  Gateway  
  36  3:21  Warp Prism  
  36  3:22  Gateway  
  38  3:36  Pylon  
  38  3:41  Probe x2  
  40  3:57  Adept x3  
  40  3:59  Observer, Pylon  
  40  4:01  Probe x2  
  49  4:15  Probe  
  50  4:18  Adept x4  
  50  4:22  Pylon  
  50  4:23  Adept  
  60  4:37  Pylon  
  60  4:45  Adept x4  
  68  4:48  Adept  
  68  4:55  Probe x2  
  68  4:56  Pylon  
  68  4:57  Assimilator  
  70  5:01  Assimilator  
  68  5:09  Adept x5  
  76  5:15  Probe  
  76  5:20  Probe  
  72  5:27  Probe  
  65  5:32  Adept x5, Probe  
  74  5:39  Immortal, Probe  
  67  5:48  Probe  
  64  5:51  Probe  
  61  6:06  Sentry, Adept  
  61  6:07  Adept x2  
  69  6:17  Immortal  
  69  6:21  Nexus  
  69  6:22  Pylon  
  69  6:29  Probe x2  
  75  6:41  Probe  
  75  6:42  Forge  
  75  6:43  Probe, Pylon  
  75  6:44  Sentry  
  75  6:45  Sentry, Protoss Ground Weapons Level 1  
  81  6:48  Immortal  
  81  6:53  Probe  
  80  6:55  Probe  
  80  6:58  Sentry  
  87  7:05  Probe  
  87  7:06  Shield Battery  
  87  7:07  Probe  
  89  7:15  Blink  
  89  7:17  Probe  
  89  7:19  Probe  
  91  7:27  Immortal  
  91  7:29  Gateway, Probe  
  96  7:32  Gateway, Probe  
  96  7:33  Probe  
  98  7:41  Probe  
  98  7:44  Probe  
  100  7:45  Probe  
  100  7:46  Sentry x2, Assimilator  
  100  7:50  Assimilator  
  105  7:53  Probe  
  105  7:56  Probe  
  105  7:57  Probe  
  108  8:07  Stalker x3  
  108  8:10  Pylon  
  108  8:12  Pylon x2  
  114  8:14  Stalker  
  116  8:22  Pylon  
  116  8:28  Warp Prism  
  116  8:32  Stalker x6  
  116  8:33  Protoss Ground Weapons Level 2  
  130  8:41  Robotics Bay  
  130  8:58  Stalker x7  
  144  9:09  Pylon  
  144  9:10  Pylon  
  144  9:16  Robotics Facility  
  144  9:23  Photon Cannon, Adept  
  146  9:24  Pylon  
  146  9:26  Photon Cannon  
  146  9:29  Photon Cannon  
  142  9:54  Colossus  
  142  9:56  Stalker x7  
  150  10:07  Nexus  
  122  10:22  Stalker x5, Charge  
  128  10:33  Extended Thermal Lance  
  128  10:36  Probe x3  
  128  10:39  Sentry x2  
  134  10:43  Pylon  
  134  10:45  Stalker x2  
  134  10:47  Stalker  
  134  10:48  Probe  
  136  10:50  Probe  
  136  10:55  Stalker x2  
  137  11:05  Stalker x2  
  141  11:15  Probe x3  
  142  11:19  Sentry  
  142  11:20  Sentry x3  
  142  11:25  Colossus  
  150  11:26  Photon Cannon  
  150  11:36  Probe x4  
  150  11:38  Colossus  
  160  11:45  Photon Cannon  
  160  11:51  Probe x3  
  169  11:57  Probe  
  170  12:02  Stalker x2  
  170  12:03  Stalker, Probe  
  170  12:06  Probe  
  170  12:07  Assimilator  
  176  12:19  Photon Cannon  
  176  12:22  Photon Cannon  
  176  12:35  Assimilator  
  176  12:37  Stalker x6  
  176  12:41  Dark Shrine  
  188  13:04  Stalker x4  
Show
View Real Time Build Order
Export as new Build Order

Scarlett Zerg 

Build Orders: Hatch First 

Get SALT Encoding   

  12  0:01  Drone  
  13  0:12  Overlord  
  13  0:17  Drone  
  14  0:30  Drone x2  
  16  0:47  Hatchery  
  15  0:51  Drone  
  15  0:54  Drone  
  17  0:57  Drone  
  18  1:08  Extractor  
  17  1:12  Spawning Pool  
  17  1:16  Drone  
  17  1:19  Drone  
  18  1:28  Drone  
  19  1:39  Drone  
  20  1:50  Drone  
  21  1:59  Queen x2  
  21  2:00  Zergling x2  
  26  2:02  Overlord  
  26  2:08  Metabolic Boost  
  26  2:10  Drone  
  26  2:11  Drone  
  28  2:21  Drone  
  29  2:24  Drone  
  30  2:33  Hatchery  
  30  2:36  Drone x2  
  31  2:44  Overlord  
  31  2:45  Zergling x2  
  31  2:50  Queen  
  34  2:54  Drone x2  
  36  3:04  Drone x2  
  38  3:09  Drone x3  
  41  3:15  Overlord  
  41  3:20  Drone  
  41  3:21  Queen  
  44  3:33  Overlord  
  44  3:37  Roach Warren  
  44  3:39  Drone x4  
  44  3:40  Queen  
  49  3:45  Drone x2, Overlord  
  51  3:52  Queen  
  53  3:56  Drone x3  
  53  3:59  Drone x2  
  58  4:05  Spine Crawler  
  58  4:06  Zergling x2  
  58  4:07  Zergling x2  
  59  4:10  Zergling x4  
  59  4:14  Overlord  
  59  4:15  Overlord  
  62  4:17  Zergling x2  
  62  4:20  Zergling x4  
  62  4:23  Zergling x4  
  66  4:31  Roach x2  
  70  4:37  Roach x3  
  77  4:39  Roach x3  
  77  4:41  Spine Crawler  
  79  4:58  Roach x5, Zergling x2  
  89  5:10  Drone, Overlord x2  
  89  5:11  Extractor  
  89  5:12  Spine Crawler  
  84  5:16  Roach x2, Zergling x12  
  84  5:23  Zergling x6  
  81  5:28  Roach, Zergling x2  
  81  5:32  Extractor  
  78  5:42  Drone x6  
  81  5:47  Drone  
  79  5:54  Spore Crawler  
  77  6:03  Drone x5  
  78  6:06  Lair  
  78  6:15  Drone x4  
  82  6:19  Spore Crawler  
  81  6:32  Drone x8  
  89  6:35  Drone  
  87  6:42  Drone x2  
  87  6:43  Drone  
  87  6:44  Drone x2  
  92  6:47  Drone  
  92  6:48  Drone  
  92  6:49  Drone x2  
  96  6:56  Drone x5  
  101  7:05  Extractor  
  101  7:06  Glial Reconstitution  
  100  7:15  Overlord  
  100  7:16  Overlord  
  100  7:18  Extractor  
  100  7:19  Drone x2, Overlord  
  100  7:20  Drone  
  100  7:21  Roach  
  100  7:22  Zergling x2  
  105  7:24  Overlord x2  
  105  7:25  Evolution Chamber  
  104  7:34  Drone x2, Overlord  
  106  7:37  Extractor  
  106  7:42  Overlord  
  106  7:43  Drone x3  
  108  7:44  Roach, Drone  
  108  7:45  Roach x2  
  108  7:47  Roach  
  108  7:48  Roach x6  
  129  7:51  Zerg Missile Weapons Level 1  
  129  7:54  Spire  
  128  8:07  Overseer  
  128  8:12  Hatchery  
  127  8:15  Overlord x5  
  127  8:17  Roach x3  
  127  8:18  Drone  
  134  8:20  Drone  
  134  8:22  Roach  
  134  8:26  Roach x3  
  142  8:29  Roach  
  142  8:33  Roach  
  142  8:34  Roach x2  
  150  8:36  Ravager x6  
  150  8:39  Roach  
  158  8:45  Roach x4  
  165  8:57  Roach x6  
  165  9:02  Roach x3  
  173  9:09  Roach x4  
  181  9:21  Zergling x12  
  181  9:22  Zerg Flyer Weapons Level 1  
  187  9:25  Hatchery  
  183  9:49  Mutalisk x6  
  183  9:51  Zerg Melee Weapons Level 1  
  183  10:00  Mutalisk  
  183  10:01  Overlord  
  181  10:11  Zergling x22  
  166  10:18  Zergling x2  
  134  10:22  Zergling x2  
  134  10:24  Roach, Extractor  
  134  10:25  Extractor  
  134  10:26  Roach  
  110  10:33  Roach x3  
  110  10:39  Roach x6  
  122  10:44  Baneling Nest  
  122  10:49  Roach x4  
  127  10:51  Ravager x2  
  127  10:58  Roach x3  
  127  10:59  Ravager x2  
  127  11:00  Ravager x2  
  131  11:05  Roach x4  
  135  11:14  Hatchery  
  135  11:17  Zergling x2  
  135  11:18  Zergling x14  
  137  11:20  Ravager x4  
  141  11:26  Infestation Pit  
  140  11:33  Drone x5  
  145  11:42  Mutalisk x3  
  145  11:44  Hatchery  
  150  11:52  Drone x8  
  158  11:59  Centrifical Hooks  
  158  12:09  Zergling x12  
  163  12:18  Baneling x12  
  163  12:31  Drone  
  164  12:39  Drone x3  
  164  12:40  Unknown  
  164  12:41  Drone x3  
  164  12:44  Baneling x11  
  169  12:45  Zergling x14  
  169  12:48  Zergling x2  
  169  12:49  Zergling x4  
  179  12:52  Zergling x2  
  179  12:53  Zergling x6  
  184  12:58  Zergling x10  
  184  13:02  Zergling x4  
Tags
 
Add a new tag
Caveats
  • Supply blocks, unpowered buildings, or Contaminate may cause inaccurate times.
  • Supply counts are checked every 10 seconds.